Map: Ever Dream LE

Players

PaKengJzhou

  • Race: Zerg Zerg
  • Spawn Location: 1:00

JohnnyV - Winner!

  • Race: Terran Terran
  • Spawn Location: 7:00

VOD

Have the link to the VOD?

Description

Time

  • Played on: April 26, 2020, 2:19 a.m.
  • Length: 8:06
Show
View Real Time Build Order
Export as new Build Order

PaKengJzhou Zerg 

Build Orders: 1 Base Baneling Bust, Pool First 

Get SALT Encoding   

  12  0:01  Drone  
  13  0:11  Drone  
  14  0:17  Overlord  
  15  0:35  Drone x2  
  15  0:39  Drone  
  15  0:42  Extractor  
  16  0:48  Drone  
  17  1:01  Drone  
  18  1:08  Drone, Extractor  
  18  1:20  Drone  
  18  1:25  Spawning Pool  
  18  1:33  Drone  
  19  1:42  Drone  
  20  1:59  Overlord  
  20  2:14  Drone x2  
  22  2:19  Queen  
  24  2:26  Metabolic Boost  
  24  2:31  Drone  
  25  2:40  Drone  
  26  3:00  Zergling x2  
  26  3:01  Zergling x2  
  28  3:21  Zergling x4  
  30  3:35  Baneling Nest  
  30  3:40  Roach Warren  
  28  3:54  Hatchery, Zergling x2  
  28  3:55  Zergling x4  
  30  3:58  Overlord x2  
  30  4:15  Overlord x2  
  30  4:28  Evolution Chamber  
  29  4:39  Drone x2  
  31  4:51  Drone  
  32  4:55  Zerg Melee Weapons Level 1  
  32  4:56  Lair  
  32  5:01  Baneling x3  
  32  5:11  Drone  
  33  5:15  Roach x4  
  40  5:29  Baneling  
  40  5:30  Extractor, Baneling  
  39  5:38  Drone x2  
  37  5:59  Roach  
  37  6:00  Roach  
  41  6:05  Drone x3  
  41  6:06  Drone x3  
  47  6:19  Glial Reconstitution  
  47  6:31  Drone  
  47  6:32  Evolution Chamber  
  47  6:34  Centrifical Hooks  
  47  6:36  Drone x3  
  50  6:41  Extractor  
  50  6:43  Queen  
  51  7:13  Overlord x3  
  44  7:16  Hatchery  
  36  7:37  Spire  
Show
View Real Time Build Order
Export as new Build Order

JohnnyV Terran - Winner!

Build Orders: Hellion Opening 

Get SALT Encoding   

  12  0:01  SCV  
  13  0:16  Supply Depot  
  13  0:17  SCV  
  14  0:42  Barracks  
  14  0:44  SCV  
  14  0:48  Refinery  
  15  0:56  SCV  
  16  1:02  Refinery  
  16  1:08  SCV  
  17  1:20  SCV  
  18  1:32  SCV  
  19  1:33  Reaper  
  19  1:38  Bunker  
  20  1:44  SCV  
  21  1:54  Command Center  
  21  2:09  Factory  
  21  2:17  Supply Depot  
  21  2:20  Barracks Reactor  
  21  2:29  Orbital Command  
  21  3:06  Barracks Reactor  
  21  3:07  Hellion x2  
  25  3:33  Hellion x2  
  29  3:47  Marine x2, Starport  
  31  3:54  Hellion  
  31  3:55  Hellion  
  35  4:06  Supply Depot  
  35  4:09  SCV  
  37  4:11  Orbital Command  
  37  4:14  Marine x2  
  38  4:19  Supply Depot  
  38  4:23  Hellion  
  40  4:24  Hellion  
  40  4:28  SCV  
  43  4:35  Liberator  
  43  4:38  Marine  
  47  4:50  Supply Depot  
  47  4:53  SCV x2  
  49  5:11  Widow Mine x2, Marine  
  49  5:12  Marine  
  55  5:18  SCV, Refinery  
  55  5:19  SCV  
  56  5:33  Marine x2  
  62  5:35  Hellion x2  
  52  5:50  Marine  
  47  5:59  Hellion x2  
  51  6:11  Liberator  
  54  6:28  Marine x2  
  56  6:34  Supply Depot  
  56  6:37  SCV x2  
  58  6:47  Barracks  
  58  6:56  Engineering Bay  
  58  6:59  Engineering Bay  
  58  7:15  Marine  
  58  7:16  Marine  
  58  7:17  Starport Reactor  
  58  7:20  Hellion x2  
  64  7:27  Barracks x2  
  64  7:30  Armory  
  64  7:32  Armory  
  64  7:35  Barracks  
  64  7:37  SCV x2  
  66  7:49  SCV  
Tags
 
Add a new tag
Caveats
  • Supply blocks, unpowered buildings, or Contaminate may cause inaccurate times.
  • Supply counts are checked every 10 seconds.